 Dungeon Crawl Stone Soup version 0.32-a0-876-gcfddb08e57 (webtiles) character file.

Game seed: 9766424466206893034

2903 bmack86 the Cleaver (level 9, 0/70 HPs)
             Began as a Minotaur Fighter on Apr 1, 2024.
             Was a Believer of Okawaru.
             Slain by a hornet (9 damage)
             ... on level 7 of the Dungeon.
             The game lasted 00:10:38 (5640 turns).

bmack86 the Cleaver (Minotaur Fighter)              Turns: 5640, Time: 00:10:39

Health: 0/70       AC: 15    Str: 25    XL:     9   Next: 49%
Magic:  11/11      EV:  5    Int:  5    God:    Okawaru [**....]
Gold:   284        SH:  4    Dex: 10    Spells: 8/8 levels left

rFire   . . .        a - +0 war axe (freeze)
rCold   . . .        c - +0 buckler
rNeg    . . .        w - +0 plate armour
rPois   .            q - +2 hat {Will+}
rElec   .            (no cloak)
rCorr   .            (no gloves)
SInv    .            f - +1 pair of boots
Will    +....        (no amulet) Stlth
                     (no ring)
HPRegen 0.31/turn    p - ring of flight
MPRegen 0.12/turn

%: no passive effects
@: lethally poisoned (0 -> -14), flying, slowed, very slow
A: horns 2, retaliatory headbutt
a: Renounce Religion, Heroism


You were on level 7 of the Dungeon.
You worshipped Okawaru.
Okawaru was pleased with you.
You visited 2 branches of the dungeon, and saw 8 of its levels.

You collected 284 gold pieces.

Inventory:

Hand Weapons
 a - a +0 war axe of freezing (weapon)
Missiles
 e - a curare-tipped dart
 j - 9 poisoned darts
 k - 2 silver javelins (quivered)
Armour
 c - a +0 buckler (worn)
 f - a +1 pair of boots (worn)
 q - a +2 hat of willpower (worn)
 w - a +0 plate armour (worn)
Jewellery
 g - a ring of fire
 h - a ring of fire
 p - a ring of flight (right hand)
Wands
 m - a wand of polymorph (12)
Scrolls
 i - a scroll of teleportation
 n - a scroll of revelation
Potions
 b - a potion of mutation
 d - a potion of might
 l - a potion of heal wounds
 o - a potion of haste
 r - a potion of degeneration {unknown}
 v - a potion of brilliance {unknown}


   Skills:
 - Level 3.6 Fighting
 * Level 14.2 Axes
 - Level 3.6 Armour
 - Level 5.0 Shields
 + Level 4.4 Invocations


You had 8 spell levels left.
You didn't know any spells.
Your spell library contained the following spells:

 Spells                   Type           Power      Damage    Failure   Level
 Slow                     Hex            0%         N/A       100%        1
 Ensorcelled Hibernation  Hex/Ice        0%         N/A       100%        2
 Confusing Touch          Hex            0%         N/A       100%        3
 Fugue of the Fallen      Necr           0%         N/A       100%        3
 Sigil of Binding         Hex            0%         N/A       100%        3
 Vampiric Draining        Necr           0%         2d6       100%        3
 Anguish                  Hex/Necr       0%         N/A       100%        4
 Dimensional Bullseye     Hex/Tloc       0%         N/A       100%        4
 Leda's Liquefaction      Alch/Erth      0%         N/A       100%        4
 Petrify                  Alch/Erth      0%         N/A       100%        4
 Metabolic Englaciation   Hex/Ice        0%         N/A       100%        5
 Call Canine Familiar     Summ           Unusable   N/A       N/A         3
 Death Channel            Necr           Unusable   N/A       N/A         6
 Sculpt Simulacrum        Ice/Alch       Unusable   N/A       N/A         6

Dungeon Overview and Level Annotations

Branches:
Dungeon (7/15)             Temple (1/1) D:6

Altars:
Cheibriados
Dithmenos
Elyvilon
Gozag
Hepliaklqana
Kikubaaqudgha
Makhleb
Nemelex Xobeh
Okawaru
Qazlal
Ru
Sif Muna
Uskayaw
Vehumet
Wu Jian
Xom
Yredelemnul
Zin

Shops:
D:7 *

Annotations:
D:3 1 runed translucent door, EvilEddieB's ghost, amateur DsGl


Innate Abilities, Weirdness & Mutations

You have a pair of horns on your head.
You reflexively headbutt those who attack you in melee.


Message History

Unknown command.
You closely miss the hornet. Your headbutt misses the hornet.
You feel very sick. The hornet stings you.
You suddenly lose the ability to move!
The hornet stings you.
You are more poisoned.
You feel as though you will be slow longer.
You feel very sick. The hornet stings you!
* * * LOW HITPOINT WARNING * * *
You feel as though you will be slow longer.
The hornet stings you but does no damage.
* * * LOW HITPOINT WARNING * * *
You feel very sick.
The hornet stings you but does no damage.
You can move again.
You feel better. The hornet stings you.
* * * LOW HITPOINT WARNING * * *
You are poisoned.
You feel as though you will be slow longer.
The hornet stings you but does no damage. x2
You feel better. The hornet stings you.
* * * LOW HITPOINT WARNING * * *
You feel as though you will be slow longer.
You block the hornet's attack.
You hit the hornet but do no damage. Your headbutt misses the hornet.
The hornet stings you.
* * * LOW HITPOINT WARNING * * *
You are poisoned.
You feel as though you will be slow longer.
The hornet stings you.
* * * LOW HITPOINT WARNING * * *
You are lethally poisoned!
You feel as though you will be slow longer.
You barely miss the hornet.
* * * LOW HITPOINT WARNING * * *
You feel extremely sick.
The hornet stings you but does no damage.
The hornet stings you!
You die...

# #.# ##.# . #... ..
###..# ... #....#
###... ##
####.##.###.... .
..##....##.##))##....
#............@.......
###.###..(...y#.#....
#.##...###### # .
..###Y......#
......≈≈.≈≈.#
.###.≈...≈.#
###.≈†_.≈.#
#..≈≈...≈≈#
....#≈.....≈#


You could see a hornet.

Vanquished Creatures
  Sigmund (D:5)
  5 yaks
  A water moccasin (D:5)
  2 ice beasts
  An orc warrior (D:6)
  A sky beast (D:6)
  2 ogres (D:6)
  3 centaurs
  A phantom (D:4)
  A kobold brigand (D:6)
  2 bullfrogs
  2 scorpions
  4 hounds
  3 orc priests (D:5)
  A bombardier beetle (D:6)
  2 jellies (D:5)
  A gnoll bouda (D:6)
  A sleepcap (D:6)
  2 iguanas
  5 orc wizards
  7 gnolls
  3 adders
  2 ufetubi (D:6)
  3 dart slugs
  16 orcs
  8 endoplasms
  3 giant cockroaches
  6 goblins
  7 hobgoblins
  12 jackals
  11 kobolds
  2 quokkas (D:2)
  9 ball pythons
  5 bats
  4 frilled lizards
  5 rats
144 creatures vanquished.

Notes
Turn   | Place    | Note
-------+----------+-------------------------------------------
     0 | D:1      | bmack86 the Minotaur Fighter began the quest for the Orb.
     0 | D:1      | Reached XP level 1. HP: 19/19 MP: 0/0
   282 | D:1      | Reached XP level 2. HP: 26/26 MP: 1/1
   701 | D:2      | Reached skill level 3 in Axes
   830 | D:2      | Reached XP level 3. HP: 31/31 MP: 2/2
  1258 | D:2      | Reached skill level 5 in Shields
  1300 | D:3      | Found a shimmering altar of Xom.
  1323 | D:3      | Reached skill level 4 in Axes
  1327 | D:3      | Reached XP level 4. HP: 34/39 MP: 3/3
  1535 | D:3      | Found a runed translucent door.
  1542 | D:3      | Noticed EvilEddieB's ghost (amateur DsGl)
  1572 | D:3      | Found a faded altar of an unknown god.
  2005 | D:4      | Noticed a phantom
  2011 | D:4      | Killed a phantom
  2012 | D:4      | Reached skill level 5 in Axes
  2012 | D:4      | Reached XP level 5. HP: 45/45 MP: 4/4
  2170 | D:4      | Reached skill level 6 in Axes
  2490 | D:4      | Found a sparkling altar of Nemelex Xobeh.
  2645 | D:4      | Reached XP level 6. HP: 48/51 MP: 5/5
  2824 | D:5      | Entered Level 5 of the Dungeon
  2834 | D:5      | Reached skill level 7 in Axes
  3062 | D:5      | Noticed Sigmund
  3072 | D:5      | Killed Sigmund
  3073 | D:5      | Reached skill level 8 in Axes
  3073 | D:5      | Reached XP level 7. HP: 42/57 MP: 6/6
  3200 | D:5      | Reached skill level 9 in Axes
  3539 | D:5      | Reached skill level 10 in Axes
  4060 | D:5      | Reached XP level 8. HP: 49/64 MP: 7/7
  4180 | D:6      | Reached skill level 11 in Axes
  4269 | D:6      | Reached skill level 12 in Axes
  4490 | D:6      | Found a staircase to the Ecumenical Temple.
  4494 | Temple   | Entered the Ecumenical Temple
  4507 | Temple   | Became a worshipper of Warmaster Okawaru
  4568 | D:6      | Reached skill level 1 in Invocations
  4648 | D:6      | Found a shadowy altar of Dithmenos.
  4998 | D:7      | Found an opulent altar of Gozag.
  5007 | D:7      | Found Gozag's Platinum Reserve.
  5043 | D:6      | Reached * piety under Okawaru
  5044 | D:6      | Reached skill level 13 in Axes
  5214 | D:7      | Reached XP level 9. HP: 42/70 MP: 6/10
  5407 | D:6      | Reached ** piety under Okawaru
  5410 | D:6      | Reached skill level 14 in Axes
  5634 | D:7      | Paralysed by a hornet for 3 turns
  5640 | D:7      | Slain by a hornet

Illustrated notes

Levels and vault maps discovered:
D:1:      lightli_arrival_windingriver, layout_loops_ring, serial_bayou,
          serial_bayou_lagoon_a, serial_bayou_pond_d, serial_bayou_shore_b,
          serial_bayou_crossing
D:2:      layout_loops_ring, kennysheep_generic_room_5
D:3:      layout_rooms, xom_redecorated, nicolae_ecumenical_lake_church,
          hellmonk_ghost_happy_afterlife, minmay_distorted
D:4:      layout_cave_pods, nemelex_dance_club_becter
D:5:      layout_cave_pods, nicolae_nh_ransacked_shop, uniq_sigmund
D:6:      layout_cave_pools, grunt_dithmenos_smoke,
          minmay_temple_entry_glassed_door
D:7:      layout_rooms, nicolae_gozag_zags_fifth_avenue
Temple:   dpeg_chambers_temple

Skill      XL: |  1  2  3  4  5  6  7  8  9 |
---------------+----------------------------+-----
Shields        | 4 5 |  5.0
Axes           | 3 4 5 6 8 10 13 14 | 14.2
Invocations    | 2 4 |  4.4
Fighting       | |  3.6
Armour         | |  3.6

Action                     |  1- 3 |  4- 6 |  7- 9 || total
---------------------------+-------+-------+-------++-------
  Melee: War axe           |    80 |    77 |   146 ||   303
         Headbutt          |    14 |    13 |    21 ||    48
  Throw: Javelin           |       |       |     2 ||     2
 Invoke: Heroism           |       |       |     1 ||     1
    Use: Scroll            |       |     3 |     8 ||    11
         Potion            |       |       |     4 ||     4
 Armour: Scale mail        |    76 |    66 |    13 ||   155
         Chain mail        |       |       |    45 ||    45
         Plate armour      |       |       |   174 ||   174
  Dodge: Dodged            |    47 |    44 |    67 ||   158
  Block: Buckler           |    17 |    20 |    52 ||    89

Table legend: (Time is in decaauts)
 A = Elapsed time spent in this place.
 B = Non-inter-level travel time spent in this place.
 C = Inter-level travel time spent in this place.
 D = Time resting spent in this place.
 E = Time spent auto-exploring this place.
 F = Levels seen in this place.
 G = Mean time per level.
                   A        B        C        D        E       F      G
               +--------+--------+--------+--------+--------+-----+--------+
         Total |   5702 |   5461 |    241 |    695 |   3530 |   8 |  712.8 |
       Dungeon |   5675 |   5458 |    217 |    695 |   3530 |   7 |  810.7 |
        Temple |     26 |      2 |     24 |      0 |      0 |   1 |   26.0 |
               +--------+--------+--------+--------+--------+-----+--------+

Top non-repeatable levels by time:
     D:6: 1374 daAuts
     D:5: 1342 daAuts
     D:4: 872 daAuts
     D:3: 688 daAuts
     D:2: 673 daAuts
     D:1: 660 daAuts
     D:7: 63 daAuts
  Temple: 26 daAuts
